 Dungeon Crawl Stone Soup version 0.27.0-1-g7a089689b8 (webtiles) character file.

Game seed: 739014542390068259

53 dtburroughs the Chopper (level 3, -7/33 HPs)
             Began as a Minotaur Berserker on Aug 6, 2021.
             Was a Believer of Trog.
             Mangled by a river rat (8 damage)
             ... summoned by Eustachio
             ... on level 4 of the Dungeon.
             The game lasted 00:02:59 (2230 turns).

dtburroughs the Chopper (Minotaur Berserker)        Turns: 2230, Time: 00:03:00

Health: -7/33      AC: 10    Str: 21    XL:     3   Next: 64%
Magic:  2/2        EV:  8    Int:  5    God:    Trog [**....]
Gold:   90         SH:  5    Dex:  9    Spells: 2/2 levels left

rFire    + . .     SeeInvis .   a - +0 hand axe
rCold    . . .     Faith    .   (no shield)
rNeg     . . .     Spirit   .   j - +0 chain mail
rPois    .         Reflect  +   (helmet restricted)
rElec    .         Harm     +   f - scarf {harm}
rCorr    +         Rampage  .   g - +0 pair of gloves
Will     .....                  (no boots)
Stlth    ..........             t - amulet of reflection
HPRegen  0.11/turn              i - ring of resist corrosion
MPRegen  0.08/turn              e - ring of protection from fire

@: lethally poisoned (-7 -> -15), on berserk cooldown, slowed, very slow
A: horns 2, retaliatory headbutt
a: Renounce Religion, Berserk, Trog's Hand


You were on level 4 of the Dungeon.
You worshipped Trog.
Trog was pleased with you.
You visited 1 branch of the dungeon, and saw 4 of its levels.

You collected 90 gold pieces.

Inventory:

Hand Weapons
 a - a +0 hand axe (weapon)
Armour
 f - a scarf of harm (worn)
 g - a +0 pair of gloves (worn)
 j - a +0 chain mail (worn)
Jewellery
 d - a ring of protection from cold
 e - a ring of protection from fire (right hand)
 i - a ring of resist corrosion (left hand)
 p - an amulet of magic regeneration
 s - a ring of positive energy
 t - an amulet of reflection (around neck)
Scrolls
 k - 2 scrolls of identify {unknown}
 m - a scroll of vulnerability {unknown}
 o - a scroll of fog {unknown}
 r - a scroll of noise {unknown}
Potions
 c - 2 potions of heal wounds {unknown}
 h - 2 potions of degeneration {unknown}
 l - 2 potions of curing {unknown}
 n - a potion of resistance {unknown}
 q - a potion of might {unknown}


   Skills:
 + Level 4.2 Fighting
 + Level 4.2 Axes
 + Level 3.2 Armour
 + Level 2.9 Dodging


You had 2 spell levels left.
You didn't know any spells.
Your spell library was empty.

Dungeon Overview and Level Annotations

Branches:
Dungeon (4/15)
 Temple: D:4-7

Altars:
Yredelemnul

Shops:
D:3 ?

Annotations:
D:4 Eustachio


Innate Abilities, Weirdness & Mutations

You have a pair of horns on your head.
You reflexively headbutt those who attack you in melee.


Message History

Eustachio gestures wildly while chanting.
You barely miss Eustachio.
Eustachio is lightly wounded.
You slash the rat!
You feel the power of Trog in you as your rage grows.
You kill the rat!
The rat's corpse disappears in a puff of smoke!
You closely miss the river rat. The river rat bites you.
Eustachio mumbles some strange words.
Eustachio blinks!
You see here a +0 club.
You feel a strong urge to attack something.
The river rat bites you but does no damage.
You are no longer berserk.
You are exhausted.
You feel yourself slow down.
Eustachio hits you with a +3 rapier of venom.
You hit Eustachio.
Eustachio is moderately wounded.
You block Eustachio's attack. The river rat bites you.
You hit Eustachio.
Eustachio is moderately wounded.
You closely miss the river rat. You hit the river rat.
The river rat bites you but does no damage.
Eustachio mumbles some strange words.
You block the river rat's attack. The river rat bites you!
* * * LOW HITPOINT WARNING * * *
Eustachio hits you with a +3 rapier of venom.
* * * LOW HITPOINT WARNING * * *
You are lethally poisoned!
The river rat closely misses you.
You closely miss Eustachio.
You headbutt Eustachio, but do no damage.
Eustachio is moderately wounded.
You hit the river rat. You barely miss the river rat.
* * * LOW HITPOINT WARNING * * *
You feel very sick. You block the river rat's attack.
Eustachio barely misses you. You furiously retaliate!
You headbutt Eustachio! The river rat bites you!
You die...

.. ##########..# ..
...#.#..>.... ...
..........>.#####.##
...............#...#
..............<..##
.^..........)..#...#
...##.......rr.....#
.............@.###..
.......<.....@.#
................#
..............5..#
..............##...
....#.#.......# ....
....#.#......## ....
..# .#...###... ....
.. .. .... ...


You could see Eustachio, 2 river rats and a white imp (summoned).

Vanquished Creatures
  An adder (D:2)
  A worm (D:2)
  A dart slug (D:3)
  An orc (D:3)
  5 bats
  4 endoplasms
  3 giant cockroaches
  A goblin (D:3)
  3 hobgoblins
  4 quokkas
  3 ball pythons
  3 frilled lizards
  4 kobolds
  2 rats (D:3)
36 creatures vanquished.

Notes
Turn   | Place    | Note
-------+----------+-------------------------------------------
     0 | D:1      | dtburroughs the Minotaur Berserker began the quest for the
                  | Orb.
     0 | D:1      | Reached XP level 1. HP: 19/19 MP: 0/0
   777 | D:2      | Reached XP level 2. HP: 27/27 MP: 1/1
   796 | D:2      | Found a faded altar of an unknown god.
  1144 | D:2      | Reached XP level 3. HP: 33/33 MP: 2/2
  1642 | D:3      | Found Vyimp's Magic Scroll Shop.
  1659 | D:3      | Found a basalt altar of Yredelemnul.
  1853 | D:3      | Reached ** piety under Trog
  2217 | D:4      | Noticed Eustachio
  2230 | D:4      | HP: 1/33 [poisoned by Eustachio]
  2230 | D:4      | Mangled by a river rat

Illustrated notes

Levels and vault maps discovered:
D:1:      wheals_arrival_linesprint, layout_basic
D:2:      layout_basic, shapermc_ecumenical_altar_venn, st_stairs_7
D:3:      layout_basic, nicolae_overflow_hidden_temple, serial_shops,
          nicolae_shop_stone, st_stairs_12
D:4:      layout_cave_pools, roderic_lattice_a, minivault_11, dk_noncrumbling_3,
          uniq_blork_the_orc, uniq_eustachio

Skill      XL: |  1  2 |
---------------+-------+-----
Axes           | 4 |  4.2
Fighting       | 4 |  4.2
Armour         | 3 |  3.2
Dodging        | |  2.9

Action                   || total
-------------------------++-------
Melee: Hand axe          ||    89
       Headbutt          ||    12
Invok: Berserk           ||     1
Armor: Animal skin       ||    15
       Chain mail        ||    33
Dodge: Dodged            ||    54
Block: Other             ||     3
